 Dungeon Crawl Stone Soup version 0.30-a0-52-g86a8295270 (webtiles) character file.

Game seed: 15929038607032985069

1205 kae the Firebug (level 8, -7/58 HPs)
             Began as a Demigod Fire Elementalist on Sept 6, 2022.
             Mangled by a yak (15 damage)
             ... on level 3 of the Dungeon.
             The game lasted 00:04:40 (6270 turns).

kae the Firebug (Demigod Fire Elementalist)         Turns: 6270, Time: 00:04:40

Health: -7/58      AC:  3    Str:  9    XL:     8   Next: 1%
Magic:  17/17      EV: 12    Int: 25    God:
Gold:   158        SH:  0    Dex: 14    Spells: 1/14 levels left

rFire   . . .      SeeInvis .    d - +0 whip (elec)
rCold   . . .      Faith    .    (no shield)
rNeg    . . .      Spirit   .    a - +0 robe
rPois   .          Reflect  .    (no helmet)
rElec   .          Harm     .    (no cloak)
rCorr   .          Rampage  .    (no gloves)
Will    .....                    q - +0 pair of boots
Stlth   ++........               (no amulet)
HPRegen 0.19/turn                (no ring)
MPRegen 0.15/turn                (no ring)

@: hasted, very quick
A: high MP 1, forlorn, divine attributes
a: no special abilities


You were on level 3 of the Dungeon.
You visited 1 branch of the dungeon, and saw 4 of its levels.

You collected 180 gold pieces.
You spent 22 gold pieces at shops.


Innate Abilities, Weirdness & Mutations

You have an increased reservoir of magic. (+10% MP)
You shall have no god before yourself.
Your divine heritage dramatically boosts your attributes as you level up.


   Skills:
 + Level 0.5 Fighting
 + Level 2.0 Dodging
 - Level 1.7 Stealth
 + Level 3.9 Spellcasting
 * Level 5.6 Conjurations
 * Level 6.2 Fire Magic


You had one spell level left.
You knew the following spells:

 Your Spells              Type           Power      Damage    Failure   Level
a - Foxfire               Conj/Fire      100%       2x1d9     1%          1
b - Scorch                Fire           72%        2d9       1%          2
c - Conjure Flame         Conj/Fire      34%        6-21      2%          3
d - Inner Flame           Hex/Fire       20%        N/A       8%          3
e - Flame Wave            Conj/Fire      34%        2d10      8%          4

Your spell library contained the following spells:

 Spells                   Type           Power      Damage    Failure   Level
 Ensorcelled Hibernation  Hex/Ice        8%         N/A       14%         2
 Passwall                 Tmut/Erth      3%         N/A       14%         2
 Sublimation of Blood     Necr           4%         N/A       14%         2
 Wereblood                Tmut           4%         N/A       14%         2
 Swiftness                Air            4%         N/A       28%         3
 Summon Hydra             Summ           2%         N/A       100%        7

Inventory:

Hand Weapons
 d - a +0 whip of electrocution (weapon)
   (You found it on level 1 of the Dungeon)
Missiles
 e - 40 stones
 g - 6 poisoned darts
Armour
 a - a +0 robe (worn)
 q - a +0 pair of boots (worn)
   (You found it on level 3 of the Dungeon)
Magical Staves
 m - a staff of death {!a}
   (You found it on level 3 of the Dungeon)
Scrolls
 i - 2 scrolls of magic mapping {!r}
 o - a scroll of butterflies
 t - a scroll of torment {!r}
Potions
 b - 2 potions of magic
 c - a potion of curing {@q1}
 f - 2 potions of brilliance {unknown}
 k - a potion of attraction {unknown}
 l - a potion of cancellation {unknown}
 n - a potion of flight {unknown}
 p - a potion of haste {@q3}
 s - a potion of might {unknown}

Dungeon Overview and Level Annotations

Branches:
Dungeon (4/15) Zot: 17713
 Temple: D:4-7

Shops:
D:1 *

Annotations:
D:3 Grinder

..# *.......*#.#.......#.# ..#
*.......*#.#.#######.# ..#
*#########.#.# #.# ###
#.......#.# #.###
##########.......#.# #...#
รท.)..............#.#########.#
........b......รทYโ€
...........#
..........#.####Y#...........#
#########.#b# #@###########.#
#.#.# #.###########.## #.#.#
#..............# #.#.#
#.############## #.#.# #.#
#.#.# #.# #.#.# #.# ### #.#รท#
##.# ..# #.#.###..#


You could see 2 yaks.


Message History

๐Ÿ˜ฑ HP[+1] MP[-1]
Casting: Scorch (safe; 1% risk of failure)
Confirm with . or Enter, or press ? or * to list all spells.
You can't see any susceptible monsters within range! (Use Z to cast anyway.)
You start resting. ๐Ÿ˜จ HP[+5] MP[+5]
You regained 5 hp, and now have 14/50 hp.
You regained 5 mp, and now have 13/16 mp.
Partly explored, can't reach some places. ๐Ÿ˜• HP[+28] MP[+3]
You regained 28 hp, and now have 42/50 hp.
Your mp is fully restored (16).
Partly explored, can't reach some places.
Partly explored, can't reach some places.
Partly explored, can't reach some places.
You start resting. ๐Ÿ˜Ž HP[+8]
Your hp is fully restored (50).
You climb downwards.
The yak barely misses you.
There is a stone staircase leading up, spattered with blood here.
The yak gores you.
You climb upwards.
Level annotation: Grinder
There is a stone staircase leading down, spattered with blood here. ๐Ÿ˜• HP[-3]
You take 3 damage, and now have 47/50 hp.
Casting: Scorch (safe; 1% risk of failure)
Confirm with . or Enter, or press ? or * to list all spells.
Flames lash the yak.
The yak's fire resistance burns away.
The yak gores you but does no damage. The yak gores you! ๐Ÿ˜• HP[-9] MP[-2]
You take 9 damage, and now have 38/50 hp.
You lost 2 mp, and now have 14/16 mp.
Casting: Scorch (safe; 1% risk of failure)
Confirm with . or Enter, or press ? or * to list all spells.
Flames lash the yak.
The yak is burned terribly!
The yak gores you.
The yak barely misses you. ๐Ÿ˜ฎ HP[-6] MP[-2]
You take 6 damage, and now have 32/50 hp.
You lost 2 mp, and now have 12/16 mp.
Casting: Scorch (safe; 1% risk of failure)
Confirm with . or Enter, or press ? or * to list all spells.
Flames lash the yak.
The yak gores you but does no damage. The yak gores you. ๐Ÿ˜ฎ HP[-2] MP[-1]
You take 2 damage, and now have 30/50 hp.
You lost 1 mp, and now have 11/16 mp.
Casting: Scorch (safe; 1% risk of failure)
Confirm with . or Enter, or press ? or * to list all spells.
Flames lash the yak.
The yak is burned terribly!
The yak completely misses you.
The yak completely misses you. ๐Ÿ˜ฎ HP[+1] MP[-2]
You lost 2 mp, and now have 9/16 mp.
Unknown command.
Casting: Scorch (safe; 1% risk of failure)
Confirm with . or Enter, or press ? or * to list all spells.
Flames lash the yak.
The yak is burned terribly!
You kill the yak!
Your Dodging skill increases to level 2!
You have reached level 8! ๐Ÿ˜ฎ HP[+5] MP[-2]
You now have 58 max hp (+8).
You regained 5 hp, and now have 36/58 hp.
You lost 2 mp, and now have 7/17 mp.
You start resting. ๐Ÿ˜• HP[+8] MP[+7]
You regained 8 hp, and now have 44/58 hp.
You regained 7 mp, and now have 14/17 mp.
You start resting. ๐Ÿ˜• HP[+4] MP[+3]
You regained 4 hp, and now have 48/58 hp.
Your mp is fully restored (17).
Partly explored, can't reach some places. ๐Ÿ˜• HP[+1]
You start resting. ๐Ÿ˜Ž HP[+9]
Your hp is fully restored (58).
You climb downwards.
The yak barely misses you. The yak gores you! x3
* * * LOW HITPOINT WARNING * * *
There is a stone staircase leading up, spattered with blood here. ๐Ÿ˜จ HP[-36]
You take 36 damage, and now have 22/58 hp.
MASSIVE DAMAGE!! (PAUSE)
Okay, then.
The yak closely misses you. The yak gores you!
* * * LOW HITPOINT WARNING * * *
You climb upwards.
Level annotation: Grinder
There is a stone staircase leading down, spattered with blood here. ๐Ÿ˜ฑ HP[-8]
You take 8 damage, and now have 14/58 hp.
Okay, then.
The yak gores you!
* * * LOW HITPOINT WARNING * * *
The yak barely misses you. ๐Ÿ˜ฑ HP[-6]
You take 6 damage, and now have 8/58 hp.
You feel yourself speed up. The yak gores you!
You die...

Skill      XL: |  1  2  3  4  5  6  7 |
---------------+----------------------+-----
Conjurations   | 1 2 3 4 5 |  5.6
Fire Magic     | 3 4 5 6 |  6.2
Spellcasting   | 2 3 |  3.9
Dodging        | 2 |  2.0
Fighting       | |  0.5
Stealth        | |  1.7

Action                   |  1- 3 |  4- 6 |  7- 9 || total
-------------------------+-------+-------+-------++-------
 Cast: Foxfire           |    60 |    72 |     3 ||   135
       Scorch            |     6 |    18 |    25 ||    49
       Conjure Flame     |       |     2 |     1 ||     3
  Use: Scroll            |     6 |     4 |     2 ||    12
       Potion            |       |     2 |     2 ||     4
Armor: Robe              |    10 |     6 |     2 ||    18
Dodge: Dodged            |    19 |    24 |    16 ||    59

Levels and vault maps discovered:
D:1:      psy_arrival_radial02, layout_basic, serial_shops,
          nicolae_shop_advertising_works [nicolae_subvault_shop_adworks],
          minmay_misc_feat_chi, feat_on_display
D:2:      layout_loops_ring, basic_altar
D:3:      layout_basic, ebering_ecumenical_altar_webs,
          kennysheep_generic_room_13, uniq_natasha, uniq_grinder
D:4:      layout_loops_cross, kennysheep_generic_room_11

Notes
Turn   | Place    | Note
-------+----------+-------------------------------------------
     0 | D:1      | kae the Demigod Fire Elementalist began the quest for the
                  | Orb.
     0 | D:1      | Reached XP level 1. HP: 14/14 MP: 5/5
     0 | D:1      | magus.rc [v1.11.3]
    55 | D:1      | Reached skill level 1 in Conjurations
   302 | D:1      | Found Rucweros's General Store.
   329 | D:1      | Bought a scroll of identify for 22 gold pieces
   887 | D:2      | Reached skill level 3 in Fire Magic
   887 | D:2      | Reached XP level 2. HP: 20/20 MP: 4/7
   895 | D:2      | You pick up a book of Flames and begin reading...
   935 | D:2      | Reached skill level 2 in Spellcasting
   940 | D:2      | Learned a level 2 spell: Scorch
  1279 | D:2      | You pick up a book of Blood and begin reading...
  1279 | D:2      | You add the spells Sublimation of Blood, Wereblood and
                  | Summon Hydra to your library.
  1332 | D:2      | Reached XP level 3. HP: 26/26 MP: 5/8
  1695 | D:2      | Reached skill level 2 in Conjurations
  2028 | D:3      | Noticed Natasha
  2204 | D:3      | Killed Natasha
  2212 | D:3      | Reached XP level 4. HP: 10/33 MP: 2/10
  2213 | D:3      | HP: 8/33 [poisoned by an adder]
  2269 | D:3      | Noticed Natasha
  2498 | D:3      | Killed Natasha
  2906 | D:3      | Noticed a black bear
  2956 | D:3      | Noticed Grinder
  3039 | D:3      | Noticed Natasha
  3044 | D:3      | Killed Natasha
  3045 | D:3      | Reached skill level 3 in Conjurations
  3045 | D:3      | Reached skill level 4 in Fire Magic
  3045 | D:3      | Reached XP level 5. HP: 38/38 MP: 6/11
  3209 | D:3      | Learned a level 3 spell: Conjure Flame
  4065 | D:4      | Reached XP level 6. HP: 45/45 MP: 7/13
  4146 | D:4      | Reached skill level 3 in Spellcasting
  4250 | D:4      | Reached skill level 4 in Conjurations
  4650 | D:4      | Noticed a yak
  4687 | D:3      | HP: 8/45 [yak (14)]
  4695 | D:3      | Reached skill level 5 in Fire Magic
  4696 | D:3      | Killed a yak
  4697 | D:3      | Reached XP level 7. HP: 10/50 MP: 7/15
  4993 | D:4      | Noticed a yak
  5249 | D:4      | Noticed a yak
  5249 | D:4      | Noticed a yak
  5385 | D:4      | You pick up a book of Burglary and begin reading...
  5385 | D:4      | You add the spells Passwall, Ensorcelled Hibernation and
                  | Swiftness to your library.
  5401 | D:4      | Noticed a yak
  5512 | D:4      | Noticed a yak
  5530 | D:4      | Learned a level 3 spell: Inner Flame
  5535 | D:4      | Learned a level 4 spell: Flame Wave
  5595 | D:4      | HP: 7/50 [yak (11)]
  5601 | D:3      | HP: 12/50 [yak (3)]
  5604 | D:3      | Killed a yak
  5605 | D:3      | Reached skill level 5 in Conjurations
  5878 | D:3      | HP: 8/50 [yak (9)]
  5879 | D:3      | Killed a yak
  5880 | D:3      | Reached skill level 6 in Fire Magic
  6149 | D:3      | Killed a yak
  6150 | D:3      | Reached skill level 2 in Dodging
  6150 | D:3      | Reached XP level 8. HP: 36/58 MP: 7/17
  6266 | D:4      | HP: 14/58 [yak (8)]
  6270 | D:3      | Mangled by a yak

Vanquished Creatures
  4 yaks (D:3)
  A black bear (D:3)
  An ogre (D:4)
  4 wights (D:4)
  A hound (D:4)
  2 orc wizards
  Natasha (thrice) (D:3)
  6 adders
  A worm (D:4)
  5 orcs
  A bat (D:3)
  6 endoplasms
  5 giant cockroaches
  4 goblins
  4 hobgoblins
  4 jackals (D:4)
  5 kobolds
  2 quokkas (D:2)
  4 ball pythons
  4 frilled lizards
  7 rats
74 creatures vanquished.

Vanquished Creatures (others)
  229 foxfires
229 creatures vanquished.

Grand Total: 303 creatures vanquished

Table legend:
 A = Non-vault XP
 B = Vault XP
 C = Vault XP percentage of total XP
 D = Non-vault monster count
 E = Vault monster count
 F = Vault count percentage of total count
                 A         B        C        D         E       F
            +---------+---------+-------+---------+---------+-------
      Total |    1682 |      40 |   2.3 |      69 |       5 |   6.8
            +---------+---------+-------+---------+---------+-------
        D:1 |      10 |       0 |   0.0 |       6 |       0 |   0.0
        D:2 |      61 |       0 |   0.0 |      23 |       0 |   0.0
        D:3 |    1104 |      37 |   3.2 |      23 |       3 |  11.5
        D:4 |     507 |       3 |   0.6 |      17 |       2 |  10.5
            +---------+---------+-------+---------+---------+-------

Illustrated notes

Table legend:
 A = Kills in this place as a percentage of kills in entire the game.
 B = Kills by you in this place as a percentage of kills by you in the entire game.
 C = Kills by friends in this place as a percentage of kills by friends in the entire game.
 D = Other kills in this place as a percentage of other kills in the entire game.
 E = Experience gained in this place as a percentage of experience gained in the entire game.
 F = Experience gained in this place divided by the number of levels of this place that you have seen.
                   A       B       C       D       E      F
               +-------+-------+-------+-------+-------+----------------------
         Total | 100.0 | 100.0 |   N/A |   N/A | 100.0 | 430.5
       Dungeon | 100.0 | 100.0 |   N/A |   N/A | 100.0 | 430.5
               +-------+-------+-------+-------+-------+----------------------

Table legend: (Time is in decaauts)
 A = Elapsed time spent in this place.
 B = Non-inter-level travel time spent in this place.
 C = Inter-level travel time spent in this place.
 D = Time resting spent in this place.
 E = Time spent auto-exploring this place.
 F = Levels seen in this place.
 G = Mean time per level.
                   A        B        C        D        E       F      G
               +--------+--------+--------+--------+--------+-----+--------+
         Total |   6285 |   6105 |    180 |    887 |   4477 |   4 | 1571.2 |
       Dungeon |   6285 |   6105 |    180 |    887 |   4477 |   4 | 1571.2 |
               +--------+--------+--------+--------+--------+-----+--------+

Top non-repeatable levels by time:
     D:3: 2582 daAuts
     D:4: 1503 daAuts
     D:2: 1378 daAuts
     D:1: 820 daAuts
